 Dungeon Crawl Stone Soup version 0.31-a0-177-g4aa6249778 (webtiles) character file.

Game seed: 10761376150287954564

325 qw the Chopper (level 6, -1/38 HPs)
             Began as a Gargoyle Fighter on June 18, 2023.
             Was an Initiate of Okawaru.
             Splashed by a jelly's acid (9 damage)
             ... on level 4 of the Dungeon.
             The game lasted 00:01:41 (3196 turns).

qw the Chopper (Gargoyle Fighter)                   Turns: 3196, Time: 00:01:41

Health: -1/38      AC: -1    Str: 21    XL:     6   Next: 48%
Magic:  6/6        EV:  6    Int:  9    God:    Okawaru [......]
Gold:   162        SH:  4    Dex:  9    Spells: 5/5 levels left

rFire   . . .        Y - +0 war axe
rCold   . . .        c - +0 buckler
rNeg    + . .        b - +0 scale mail
rPois   inf          (helmet restricted)
rElec   +            (no cloak)
rCorr   .            (no gloves)
SInv    .            e - +2 pair of boots
Will    .....        (no amulet) Stlth
                     (no ring)
HPRegen 0.26/turn    (no ring)
MPRegen 0.10/turn

%: no passive effects
@: about to teleport, corroded, constricted
A: sickness immunity, AC +4, negative energy resistance 1, electricity
resistance, torment resistance 1, petrification resistance, beak
a: Renounce Religion


You were on level 4 of the Dungeon.
You worshipped Okawaru.
Okawaru was noncommittal.
You visited 1 branch of the dungeon, and saw 4 of its levels.
You also visited: Ossuary.

You collected 162 gold pieces.


Innate Abilities, Weirdness & Mutations

You are immune to sickness and miasma.
Your stone body is resilient. (AC +4)
You are immune to poison.
You resist negative energy. (rN+)
You are resistant to electric shocks. (rElec)
You are resistant to unholy torment.
You are immune to petrification.
You have a beak for a mouth.


   Skills:
 - Level 4.0 Fighting
 + Level 5.1 Axes
 - Level 1.0 Throwing
 - Level 3.2 Armour
 - Level 1.6 Dodging
 - Level 3.2 Shields


You had 5 spell levels left.
You didn't know any spells.
Your spell library was empty.

Inventory:

Hand Weapons
 h - a +1 flail of draining
 n - a +0 mace
 Y - a +0 war axe (weapon)
Armour
 b - a +0 scale mail (worn)
 c - a +0 buckler (worn)
 e - a +2 pair of boots (worn)
Scrolls
 f - a scroll of identify
 o - a scroll of teleportation
Potions
 d - 4 potions of might
 g - a potion of lignification {unknown}
 i - 5 potions of enlightenment
 j - 3 potions of heal wounds
 k - a potion of cancellation
 l - 4 potions of curing
 m - a potion of attraction
 p - 2 potions of mutation
 q - a potion of brilliance {unknown}

Dungeon Overview and Level Annotations

Branches:
Dungeon (4/15)            Ossuary (visited)
 Temple: D:4-7

Altars:
Okawaru
Qazlal
Sif Muna


Message History

a - 2 javelins (gained 1)
A jelly comes into view.
Enter note:
Enter note:
Enter note:
Enter note:
Enter note:
Enter note: You throw a javelin.
The javelin barely misses the jelly.
The jelly quivers.
You throw a javelin. The javelin pierces through the jelly!
The jelly is heavily wounded.
A ball python comes into view.
You hit the jelly. The acid corrodes you!
Your hands burn!
The jelly is severely wounded.
The jelly hits you. The acid corrodes you!
You are splashed with acid!
You hit the jelly but do no damage.
Your hands burn!
You peck the jelly, but do no damage.
The jelly is severely wounded.
You hit the ball python but do no damage.
The jelly hits you but does no damage. The ball python bites you.
The ball python barely misses you. The jelly hits you but does no damage.
You completely miss the jelly.
The jelly is severely wounded.
You hit the ball python.
The ball python bites you but does no damage.
The ball python grabs you. The ball python constricts you.
The ball python bites you but does no damage.
The ball python constricts you. The jelly closely misses you.
You hit the ball python but do no damage.
The ball python is moderately wounded.
You hit the jelly but do no damage. The acid corrodes you!
Your hands burn!
You block the ball python's attack. The ball python constricts you.
The jelly hits you.
You are splashed with acid.
The ball python closely misses you. The ball python constricts you.
3196 ||| READING 2 scrolls of teleportation.
As you read the scroll of teleportation, it crumbles to dust.
You feel strangely unstable. The jelly hits you. The acid corrodes you!
You are splashed with acid!
You die...

#.# #... #.# .... ## .
#.# #..# #.+ .. ## #.#
#... ..### .###.# <.#
.....#. ..##.# #.#
..#...(
...#.########.###.....#
................@J.(#
.......######....S....#
# ..#...## #####.###.#
# ..##.## .# # ..####
## ### ..# .. .## #
..## # ...######### #


You could see a jelly and a ball python.

Vanquished Creatures
  A scorpion (D:4)
  A wight (D:4)
  A sleepcap (D:4)
  4 mummies (Ossuary)
  3 adders (D:3)
  3 worms
  A dart slug (D:2)
  13 orcs
  8 bats
  4 endoplasms
  12 giant cockroaches
  A gnoll zombie (Ossuary)
  5 goblins
  5 hobgoblins
  6 kobolds
  6 quokkas
  7 ball pythons
  2 frilled lizards
  A goblin zombie (Ossuary)
  3 hobgoblin zombies (Ossuary)
  3 orc zombies (Ossuary)
  4 rats
94 creatures vanquished.

Notes
Turn   | Place    | Note
-------+----------+-------------------------------------------
     0 | D:1      | qw the Gargoyle Fighter began the quest for the Orb.
     0 | D:1      | Reached XP level 1. HP: 14/14 MP: 1/1
     0 | D:1      | 0 ||| qw: Version: 0.3-a-7-ge0c9b40
     0 | D:1      | 0 ||| qw: Game counter: 785
     0 | D:1      | 0 ||| qw: Always use a shield: true
     0 | D:1      | 0 ||| qw: God list: Okawaru
     0 | D:1      | 0 ||| qw: Allow faded altars: false
     0 | D:1      | 0 ||| qw: Do Orc after D:15 true
     0 | D:1      | 0 ||| qw: Do second Lair branch before Depths: true
     0 | D:1      | 0 ||| qw: Lair rune preference: random
     0 | D:1      | 0 ||| qw: Plans: Normal, Zot:1-4, Slime:5, God:TSO, Crypt,
                  | Tomb, Abyss, Pan, Hells, Win
     0 | D:1      | 0 ||| PLANNING D:1-11
    31 | D:1      | Reached skill level 2 in Axes
    80 | D:1      | Reached XP level 2. HP: 18/19 MP: 2/2
   225 | D:1      | Reached skill level 3 in Axes
   281 | D:1      | Reached XP level 3. HP: 23/23 MP: 3/3
   303 | D:1      | 303 ||| Stepping ~*~*~tactically~*~*~ (hiding).
   727 | D:1      | 727 ||| UPGRADING to +2 pair of boots.
   732 | D:1      | 732 ||| READING scroll labelled DEFUB XURICOPP.
   733 | D:1      | 733 ||| READING scroll labelled NESYPAS SEIREO.
   734 | D:1      | 734 ||| READING scroll labelled AFYSTR FOUCZO.
   735 | D:1      | 735 ||| READING scroll labelled BAKE ATHRYZU.
   736 | D:1      | 736 ||| READING scroll labelled MEYFRYA XOAL.
   890 | D:2      | 890 ||| Stepping ~*~*~tactically~*~*~ (hiding).
  1331 | D:2      | Reached XP level 4. HP: 25/28 MP: 4/4
  1650 | D:2      | 1650 ||| READING scroll labelled ZULEMAJET.
  1651 | D:2      | 1651 ||| READING scroll labelled ORPHYR TEVOWN.
  1688 | D:3      | Reached skill level 4 in Axes
  1696 | D:3      | 1696 ||| DROPPING +0 club.
  1786 | D:3      | 1786 ||| DROPPING +0 whip.
  2196 | D:3      | 2196 ||| Stepping ~*~*~tactically~*~*~ (stealth).
  2200 | D:3      | Reached XP level 5. HP: 32/32 MP: 5/5
  2201 | D:3      | Reached skill level 1 in Throwing
  2210 | D:3      | 2210 ||| DROPPING +2 whip of venom.
  2274 | D:3      | Found a stormy altar of Qazlal.
  2278 | D:3      | Found an iron altar of Okawaru.
  2279 | D:3      | 2279 ||| PLANNING OKAWARU WORSHIP
  2279 | D:3      | 2279 ||| READING scroll labelled GYRE AL ZUT.
  2280 | D:3      | 2280 ||| READING scroll labelled LIMASA KUIHO.
  2281 | D:3      | 2281 ||| DRINKING 2 golden potions.
  2282 | D:3      | 2282 ||| READING 2 scrolls of identify.
  2282 | D:3      | 2282 ||| IDENTIFYING coppery potion
  2287 | D:3      | Became a worshipper of Warmaster Okawaru
  2288 | D:3      | 2288 ||| PLANNING D:1-11
  2292 | D:3      | Found a shimmering blue altar of Sif Muna.
  2362 | D:3      | Found a faded altar of an unknown god.
  2395 | D:4      | 2395 ||| PLANNING OSSUARY
  2473 | D:4      | 2473 ||| Stepping ~*~*~tactically~*~*~ (hiding).
  2483 | D:4      | Reached skill level 5 in Axes
  2563 | D:4      | 2563 ||| Stepping ~*~*~tactically~*~*~ (hiding).
  2745 | D:4      | Found a sand-covered staircase.
  2749 | Ossuary  | Entered an ossuary
  2835 | Ossuary  | 2835 ||| FLEEEEING.
  2836 | Ossuary  | 2836 ||| FLEEEEING.
  2837 | Ossuary  | 2837 ||| FLEEEEING.
  2838 | Ossuary  | 2838 ||| FLEEEEING.
  2839 | Ossuary  | 2839 ||| FLEEEEING.
  2840 | Ossuary  | 2840 ||| FLEEEEING.
  2841 | Ossuary  | 2841 ||| FLEEEEING.
  2842 | Ossuary  | 2842 ||| FLEEEEING.
  2843 | Ossuary  | 2843 ||| FLEEEEING.
  2844 | Ossuary  | 2844 ||| FLEEEEING.
  2845 | Ossuary  | 2845 ||| FLEEEEING.
  2861 | Ossuary  | Reached XP level 6. HP: 36/38 MP: 6/6
  3053 | Ossuary  | 3053 ||| DRINKING 2 fizzy black potions.
  3054 | Ossuary  | 3054 ||| DRINKING 4 blue potions.
  3055 | Ossuary  | 3055 ||| DRINKING 2 bubbling cyan potions.
  3056 | Ossuary  | 3056 ||| DRINKING 3 bubbling blue potions.
  3056 | Ossuary  | Gained mutation: You have a beak for a mouth. [potion of
                  | mutation]
  3056 | Ossuary  | Gained mutation: You have supernaturally acute eyesight.
                  | (SInv) [potion of mutation]
  3056 | Ossuary  | Lost mutation: You have supernaturally acute eyesight.
                  | (SInv) [potion of mutation]
  3075 | D:4      | 3075 ||| PLANNING D:1-11
  3090 | D:4      | Reached skill level 1 in Dodging
  3195 | D:4      | HP: 8/38 [acid (6)]
  3196 | D:4      | 3196 ||| READING 2 scrolls of teleportation.
  3196 | D:4      | Splashed by a jelly's acid

Levels and vault maps discovered:
D:1:      minmay_arrival_glassed_features, layout_basic, corexii_corridor_pit,
          hangedman_decor_lopped, minmay_worlds_worst_comb
D:2:      layout_loops_ring, nicolae_hexahallways
D:3:      layout_basic, grunt_temple_overflow_diamond,
          shapermc_ecumenical_altar_mp_vishouse
D:4:      layout_loops_ring, serial_shops, nicolae_shop_window_shopping,
          nicolae_ossuary_entry_plus

Skill      XL: |  1  2  3  4  5  6 |
---------------+-------------------+-----
Axes           | 2 3 4 5 |  5.1
Throwing       | 1 |  1.0
Fighting       | 4 |  4.0
Dodging        | 1 |  1.6
Armour         | |  3.2
Shields        | |  3.2

Action                     |  1- 3 |  4- 6 || total
---------------------------+-------+-------++-------
  Melee: War axe           |   121 |   129 ||   250
         Peck              |       |     4 ||     4
  Throw: Javelin           |       |    33 ||    33
    Use: Scroll            |     5 |     6 ||    11
         Potion            |       |     5 ||     5
 Armour: Scale mail        |    55 |    47 ||   102
  Dodge: Dodged            |    44 |    46 ||    90
  Block: Buckler           |    24 |    25 ||    49

Table legend:
 A = Non-vault XP
 B = Vault XP
 C = Vault XP percentage of total XP
 D = Non-vault monster count
 E = Vault monster count
 F = Vault count percentage of total count
                 A         B        C        D         E       F
            +---------+---------+-------+---------+---------+-------
      Total |     376 |      89 |  19.1 |      77 |      17 |  18.1
            +---------+---------+-------+---------+---------+-------
        D:1 |      40 |      10 |  20.0 |      25 |       5 |  16.7
        D:2 |      38 |       0 |   0.0 |      18 |       0 |   0.0
        D:3 |      91 |       0 |   0.0 |      23 |       0 |   0.0
        D:4 |     207 |       0 |   0.0 |      11 |       0 |   0.0
    Ossuary |       0 |      79 | 100.0 |       0 |      12 | 100.0
            +---------+---------+-------+---------+---------+-------
